Map: Ulrena

Players

MrStork

  • Race: Zerg Zerg
  • League: Diamond

VampyWorm - Winner!

  • Race: Protoss Protoss
  • League: Diamond

VOD

Have the link to the VOD?

Description

Time

  • Played on: Nov. 14, 2015, 8:43 p.m.
  • Length: 15:29
Show
View Real Time Build Order
Export as new Build Order

MrStork Zerg 

Build Orders: Pool First 

Get SALT Encoding   

  12  0:01  Drone  
  13  0:08  Drone  
  14  0:14  Extractor  
  14  0:15  Drone  
  15  0:22  Overlord  
  15  0:42  Spawning Pool  
  15  0:43  Drone  
  15  0:45  Extractor  
  15  0:46  Drone  
  15  0:51  Drone  
  15  0:56  Drone  
  17  1:19  Hatchery  
  16  1:32  Zergling x6  
  19  1:43  Zergling x2  
  20  1:47  Metabolic Boost  
  20  1:54  Zergling x2  
  21  1:58  Queen, Extractor  
  23  2:05  Overlord  
  23  2:23  Zergling x2  
  23  2:27  Zergling x2  
  25  2:30  Queen  
  25  2:32  Zergling x2  
  28  2:40  Zergling x2  
  28  2:42  Zergling x2  
  30  2:51  Drone  
  30  2:55  Roach Warren  
  30  2:56  Drone  
  30  3:03  Drone x2  
  32  3:10  Drone x3  
  35  3:16  Overlord  
  35  3:24  Evolution Chamber  
  35  3:27  Extractor  
  35  3:28  Overlord  
  35  3:29  Drone  
  36  3:34  Drone  
  36  3:35  Drone x2  
  38  3:46  Lair  
  37  3:58  Zergling x10  
  37  4:00  Drone  
  39  4:09  Roach Warren  
  38  4:14  Zerg Missile Weapons Level 1  
  38  4:18  Drone  
  38  4:20  Drone  
  38  4:22  Drone  
  41  4:26  Drone  
  41  4:29  Drone  
  43  4:31  Drone  
  43  4:37  Drone  
  45  4:38  Evolution Chamber  
  45  4:42  Drone  
  45  4:49  Glial Reconstitution  
  45  4:54  Drone x4  
  45  4:57  Drone  
  50  5:01  Overlord  
  50  5:08  Zerg Ground Armor Level 1  
  50  5:17  Overlord x2  
  50  5:28  Hatchery  
  49  5:36  Roach  
  49  5:37  Overlord  
  49  5:39  Drone  
  49  5:40  Roach  
  54  5:46  Roach x2  
  58  5:52  Roach x3  
  63  5:59  Roach x3  
  64  6:05  Spine Crawler  
  64  6:06  Roach  
  65  6:13  Roach  
  65  6:15  Zerg Missile Weapons Level 2  
  67  6:19  Zergling x2  
  67  6:20  Zergling x4  
  67  6:29  Roach  
  67  6:30  Queen  
  71  6:33  Roach  
  71  6:34  Zergling x4  
  71  6:42  Roach  
  71  6:46  Overlord x2  
  73  6:48  Queen  
  73  6:50  Drone  
  76  6:55  Drone  
  76  6:57  Spore Crawler  
  76  6:58  Drone  
  76  6:59  Extractor  
  76  7:01  Drone x2  
  78  7:07  Roach x2  
  75  7:12  Roach  
  75  7:13  Roach  
  69  7:16  Roach  
  67  7:24  Roach x2  
  67  7:27  Roach  
  73  7:31  Roach  
  73  7:36  Roach  
  77  7:40  Roach  
  77  7:42  Overlord  
  79  7:44  Roach  
  79  7:47  Zergling x2  
  79  7:48  Zergling x12  
  80  7:58  Roach x3  
  82  8:01  Queen  
  82  8:08  Roach  
  82  8:10  Roach x2  
  88  8:14  Roach x2  
  88  8:19  Drone x3  
  94  8:28  Roach  
  94  8:31  Roach  
  94  8:32  Roach x2  
  101  8:36  Roach x2  
  99  8:41  Roach  
  99  8:42  Roach  
  90  8:53  Roach x5  
  90  9:02  Roach  
  92  9:05  Roach  
  94  9:10  Roach x2  
  94  9:11  Roach  
  100  9:18  Overlord x2  
  100  9:26  Drone, Hydralisk Den  
  100  9:28  Drone x2  
  100  9:30  Drone  
  103  9:34  Hatchery  
  103  9:36  Drone x3  
  105  9:39  Drone x2  
  105  9:44  Drone x3  
  110  9:49  Roach x2  
  110  9:52  Zergling x4  
  116  9:58  Overlord x2  
  100  10:11  Roach  
  100  10:14  Roach x7  
  92  10:16  Zergling x2  
  92  10:17  Zergling x2  
  97  10:22  Roach x2  
  94  10:35  Roach  
  88  10:44  Roach x4  
  88  10:45  Roach x4  
  88  10:47  Zerg Ground Armor Level 2  
  104  10:50  Roach  
  104  10:51  Queen  
  104  10:52  Overlord  
  104  10:55  Drone x2  
  110  11:01  Drone x4  
  110  11:04  Drone x2  
  116  11:10  Roach, Extractor  
  116  11:11  Roach x2  
  115  11:19  Roach x2  
  115  11:20  Roach x2  
  115  11:24  Roach x2  
  129  11:25  Roach  
  119  11:36  Roach x5  
  119  11:37  Zergling x2  
  119  11:38  Zergling x4  
  117  11:43  Roach x2  
  106  11:57  Hydralisk Den  
  95  12:04  Muscular Augments  
  95  12:06  Drone x9, Extractor  
  98  12:12  Hydralisk x2  
  100  12:17  Hatchery  
  100  12:18  Hydralisk  
  100  12:21  Hydralisk  
  100  12:22  Extractor x2  
  101  12:25  Hydralisk  
  103  12:30  Hydralisk  
  103  12:33  Hydralisk  
  103  12:35  Overlord x3  
  107  12:41  Drone x7  
  107  12:43  Pneumatized Carapace  
  112  12:45  Overseer  
  112  12:51  Hydralisk, Queen  
  112  12:52  Hydralisk  
  112  12:53  Hydralisk  
  112  12:56  Hydralisk  
  122  13:01  Hydralisk x2  
  126  13:15  Queen x2  
  126  13:17  Hydralisk x3  
  126  13:18  Hydralisk  
  138  13:26  Hydralisk x4  
  146  13:35  Infestation Pit  
  143  13:42  Drone x12  
  132  13:57  Hydralisk x7  
  142  14:03  Hydralisk x3  
  144  14:11  Zergling x2  
  144  14:12  Zergling x12  
  123  14:21  Hydralisk x5  
  127  14:34  Hydralisk  
  127  14:35  Hydralisk x2  
  127  14:37  Spire, Roach  
  127  14:38  Roach  
  136  14:39  Drone x2  
  136  14:40  Drone  
  136  14:43  Extractor  
  138  14:47  Roach x5  
  138  14:51  Roach  
  125  14:54  Roach x4  
  125  14:57  Roach  
  125  14:58  Roach  
  125  14:59  Roach  
  121  15:01  Roach  
  121  15:03  Roach x2  
  121  15:06  Roach x2  
  114  15:08  Roach  
  114  15:09  Roach  
  118  15:18  Ravager  
  93  15:22  Spine Crawler  
Show
View Real Time Build Order
Export as new Build Order

VampyWorm Protoss - Winner!

Build Orders: 1 Gate Expand 

Get SALT Encoding   

  12  0:01  Probe (Chrono Boost)  
  13  0:11  Probe (Chrono Boost)  
  14  0:19  Pylon  
  14  0:22  Probe (Chrono Boost)  
  15  0:37  Probe (Chrono Boost)  
  15  0:40  Gateway  
  16  0:48  Probe (Chrono Boost)  
  17  1:10  Nexus  
  17  1:16  Assimilator  
  17  1:20  Assimilator  
  17  1:23  Probe (Chrono Boost)  
  18  1:34  Cybernetics Core  
  18  1:41  Probe (Chrono Boost)  
  19  1:51  Probe (Chrono Boost)  
  20  2:02  Probe (Chrono Boost)  
  20  2:05  Pylon  
  21  2:13  Warp Gate (Chrono Boost)  
  21  2:15  Mothership Core (Chrono Boost)  
  23  2:22  Adept (Chrono Boost)  
  25  2:24  Pylon  
  25  2:33  Gateway  
  26  2:46  Adept (Chrono Boost)  
  26  3:11  Nexus  
  26  3:14  Probe  
  27  3:26  Sentry  
  31  3:30  Probe  
  30  3:34  Pylon  
  30  3:41  Pylon  
  30  3:42  Probe  
  31  3:54  Probe  
  32  4:06  Probe  
  33  4:12  Twilight Council  
  33  4:15  Sentry x2  
  37  4:18  Probe  
  38  4:25  Gateway  
  38  4:26  Probe  
  38  4:30  Probe  
  40  4:36  Forge  
  40  4:41  Probe  
  40  4:45  Adept  
  44  4:54  Blink (Chrono Boost)  
  44  4:56  Probe  
  44  5:01  Probe  
  44  5:05  Sentry  
  44  5:06  Sentry  
  49  5:08  Probe  
  49  5:10  Protoss Ground Weapons Level 1 (Chrono Boost)  
  49  5:12  Probe  
  51  5:20  Probe  
  52  5:25  Probe  
  53  5:29  Stalker x2  
  57  5:37  Gateway  
  57  5:50  Stalker  
  57  5:52  Stalker  
  61  6:00  Probe  
  62  6:05  Pylon  
  62  6:07  Assimilator  
  62  6:10  Assimilator  
  62  6:14  Pylon  
  62  6:15  Pylon  
  52  6:33  Stalker  
  52  6:34  Stalker x2, Probe  
  52  6:36  Probe  
  60  6:40  Robotics Facility  
  60  6:45  Probe  
  61  6:48  Probe  
  61  6:50  Stalker  
  64  6:55  Probe  
  64  6:57  Stalker x2  
  64  7:00  Stalker, Probe  
  68  7:13  Probe  
  68  7:15  Stalker  
  65  7:20  Stalker  
  65  7:21  Stalker  
  69  7:29  Probe  
  70  7:30  Probe, Immortal  
  75  7:40  Probe  
  75  7:41  Probe  
  77  7:51  Probe  
  75  7:53  Probe  
  75  8:01  Probe  
  75  8:05  Probe  
  75  8:12  Probe  
  75  8:14  Stalker x2, Pylon  
  75  8:18  Probe  
  81  8:23  Nexus  
  81  8:26  Adept x2  
  83  8:29  Immortal  
  83  8:31  Protoss Ground Armor Level 1 (Chrono Boost)  
  80  8:36  Probe  
  75  8:48  Stalker  
  75  8:49  Stalker x2  
  75  8:51  Probe  
  75  8:55  Probe  
  79  9:03  Probe, Robotics Bay  
  79  9:05  Probe  
  79  9:06  Pylon  
  79  9:07  Stalker  
  83  9:15  Probe, Pylon  
  83  9:16  Probe  
  85  9:17  Observer  
  86  9:27  Probe x2  
  86  9:29  Pylon  
  88  9:31  Pylon  
  88  9:36  Stalker  
  88  9:37  Stalker  
  92  9:39  Sentry x2  
  92  9:40  Probe  
  97  9:54  Probe  
  90  10:11  Stalker x2  
  90  10:12  Stalker x2  
  90  10:15  Probe  
  90  10:20  Disruptor (Chrono Boost)  
  87  10:29  Protoss Ground Weapons Level 2 (Chrono Boost)  
  87  10:34  Stalker  
  87  10:35  Stalker x2  
  90  10:38  Probe  
  93  10:53  Stalker  
  93  10:54  Gateway  
  93  10:55  Disruptor (Chrono Boost)  
  93  10:56  Gateway  
  98  10:57  Pylon  
  98  10:59  Gateway  
  98  11:02  Pylon  
  98  11:03  Pylon  
  97  11:22  Zealot x3  
  100  11:31  Probe  
  86  11:35  Probe  
  86  11:36  Disruptor (Chrono Boost)  
  78  11:44  Probe  
  75  11:47  Probe  
  75  11:48  Probe  
  75  11:56  Probe  
  75  11:58  Stalker  
  75  11:59  Stalker x2  
  75  12:00  Stalker  
  79  12:14  Disruptor (Chrono Boost)  
  82  12:26  Probe  
  82  12:27  Probe  
  82  12:28  Probe  
  85  12:35  Dark Shrine  
  85  12:38  Protoss Ground Weapons Level 3, Probe  
  86  12:44  Stalker x2  
  86  12:45  Stalker x2, Pylon  
  86  12:46  Adept x2, Pylon  
  86  12:47  Adept  
  100  12:55  Probe x2  
  108  12:58  Colossus (Chrono Boost)  
  108  13:08  Probe  
  109  13:14  Stalker x2  
  109  13:16  Probe  
  114  13:21  Probe  
  114  13:22  Probe  
  114  13:25  Assimilator  
  114  13:26  Assimilator  
  116  13:40  Forge  
  116  13:41  Probe  
  116  13:42  Probe  
  116  13:43  Pylon  
  100  13:57  Adept x3  
  100  13:58  Dark Templar x3  
  100  14:02  Colossus (Chrono Boost)  
  113  14:17  Probe  
  114  14:26  Adept x2  
  114  14:27  Probe, Adept  
  115  15:01  Stalker  
  115  15:02  Stalker x4  
  115  15:03  Zealot x2  
  124  15:26  Adept x2  
  124  15:27  Stalker x2  
Tags
 
Add a new tag
Caveats
  • Supply blocks, unpowered buildings, or Contaminate may cause inaccurate times.
  • Supply counts are checked every 10 seconds.